 Dungeon Crawl Stone Soup version 0.22-a0-480-g991dd4b2b4 (webtiles) character file.

64 Lucibear the Magician (level 4, 0/27 HPs)
             Began as an Octopode Wizard on June 15, 2018.
             Slain by a gnoll
             ... wielding a +2 falchion of holy wrath
              (9 damage)
             ... on level 2 of the Dungeon.
             The game lasted 00:14:03 (1868 turns).

Lucibear the Magician (Octopode Wizard)             Turns: 1868, Time: 00:14:04

Health: 0/27       AC:  1    Str:  6    XL:     4   Next: 12%
Magic:  3/9        EV: 13    Int: 21    God:
Gold:   70         SH:  0    Dex: 10    Spells: 2/10 levels left

rFire    . . .     SeeInvis .   b - +0 short sword
rCold    . . .     Gourm    .   (no shield)
rNeg     . . .     Faith    .   a - +0 hat
rPois    .         Spirit   .   (no amulet)
rElec    .         Reflect  .   (no ring)
rCorr    .         Harm     .   (no ring)
MR       .....                  (no ring)
Stlth    +++.......             (no ring)
HPRegen  0.09/turn              (no ring)
MPRegen  0.11/turn              (no ring)
                                (no ring)
                                (no ring)

@: no status effects
A: almost no armour, stealthy swim, amphibious, 8 rings, constrict 8, camouflage
1, gelatinous body 1
a: no special abilities


You were on level 2 of the Dungeon.
You were not hungry.

You visited 1 branch of the dungeon, and saw 3 of its levels.

You collected 70 gold pieces.

Inventory:

Hand Weapons
 b - a +0 short sword (weapon)
Armour
 a - a +0 hat (worn)
Scrolls
 e - 2 scrolls of magic mapping {unknown}
 g - 2 scrolls of identify {unknown}
 h - a scroll of blinking {unknown}
 j - 3 scrolls of enchant weapon {unknown}
 k - a scroll of remove curse {unknown}
Potions
 d - a potion of flight {unknown}
 f - a potion of brilliance {unknown}
 i - a potion of might {unknown}
 l - a potion of degeneration {unknown}
Comestibles
 c - 4 rations


   Skills:
 + Level 2.5 Dodging
 + Level 3.5 Stealth
 * Level 3.5 Spellcasting
 * Level 2.2 Conjurations
 - Level 1.0 Summonings
 - Level 1.0 Translocations


You had 2 spell levels left.
You knew the following spells:

 Your Spells              Type           Power        Failure   Level  Hunger
a - Magic Dart            Conj           ##..         4%          1    None
b - Call Imp              Summ           #.......     13%         2    ##.....
c - Blink                 Tloc           N/A          13%         2    ##.....
d - Mephitic Cloud        Conj/Pois/Air  #.......     28%         3    ###....

Your spell library contained the following spells:

 Spells                   Type           Power        Failure   Level  Hunger
 Conjure Flame            Conj/Fire      #.......     24%         3    ###....
 Slow                     Hex            #.......     19%         2    ##.....


Dungeon Overview and Level Annotations

Branches:
Dungeon (3/15)

Altars:
Dithmenos
Gozag
Yredelemnul
The Shining One


Innate Abilities, Weirdness & Mutations

You cannot wear most types of armour.
You are very stealthy in the water. (Stealth+)
You are amphibious.
You can wear up to eight rings at the same time.
You can use your tentacles to constrict eight enemies at once.
Your skin changes colour to match your surroundings (Stealth+).
Your rubbery body absorbs attacks. (AC +1, EV +1)


Message History

The magic dart hits the goblin.
You kill the goblin!
Casting: Magic Dart (safe; 4% risk of failure)
Confirm with . or Enter, or press ? or * to list all spells.
Aiming: Magic Dart (safe; 4% risk of failure)
Press: ? - help, Shift-Dir - straight line, f - gnoll
Aim: a gnoll, wielding a falchion of holy wrath (hasn't noticed you)
The magic dart hits the gnoll.
The gnoll is moderately wounded.
You hear a shout! x2
You barely miss the gnoll. You grab the gnoll.
The gnoll is moderately wounded.
You constrict the gnoll.
The gnoll hits you with a falchion of holy wrath!
The gnoll hits you from afar with a spear.
You hit the gnoll but do no damage.
The gnoll is heavily wounded.
You constrict the gnoll. The gnoll completely misses you.
The gnoll hits you with a falchion of holy wrath!
You die...

#.###.### #'#
#.......# g..
######..# ....
#..# ...... ######
###..# ......
#....###....#
###g###
#.#....#.##.#####
#.#..#...<#.....#
..#..#..†.#..##@#
#.....#.##....##g#
#.###.#.##.##.##.g
.. ..#.##.##.##..†
.#
.....#.##.##....
....#####.##.....
..## #.........
###.####


You could see 2 gnolls.

Vanquished Creatures
  2 adders (D:2)
  A worm (D:2)
  An orc (D:2)
  4 bats
  4 giant cockroaches (D:1)
  6 goblins
  5 hobgoblins
  6 jackals
  2 frilled lizards (D:1)
  4 kobolds
  3 rats
38 creatures vanquished.

Notes
Turn   | Place    | Note
-------+----------+-------------------------------------------
     0 | D:1      | Lucibear the Octopode Wizard began the quest for the Orb.
     0 | D:1      | Reached XP level 1. HP: 11/11 MP: 4/4
   302 | D:1      | Reached XP level 2. HP: 17/17 MP: 1/6
   487 | D:2      | Learned a level 2 spell: Call Imp
   490 | D:2      | Learned a level 2 spell: Blink
   490 | D:2      | Found a basalt altar of Yredelemnul.
   758 | D:2      | Reached XP level 3. HP: 13/21 MP: 0/7
  1321 | D:2      | Found an opulent altar of Gozag.
  1567 | D:1      | Learned a level 3 spell: Mephitic Cloud
  1630 | D:2      | Found a glowing golden altar of the Shining One.
  1663 | D:2      | Found a shadowy altar of Dithmenos.
  1738 | D:2      | Reached XP level 4. HP: 9/27 MP: 1/9
  1868 | D:2      | Slain by a gnoll

Vault maps used:
D:1:      kennysheep_arrival_seaside
D:2:      old_standard_altar, nicolae_ashenzari_panopticon,
          lemuel_crystal_altar, tso_altar, nicolae_gozag_seed_capital,
          first_ration

Skill      XL: |  1  2  3 |
---------------+----------+-----
Stealth        | 3 |  3.5
Conjurations   | 2 |  2.2
Dodging        | |  2.5
Spellcasting   | |  3.5
Summonings     | |  1.0
Translocations | |  1.0

Action                   |  1- 3 |  4- 6 || total
-------------------------+-------+-------++-------
Melee: Unarmed           |    13 |       ||    13
       Short sword       |    41 |     3 ||    44
       Tentacles         |    11 |       ||    11
       Constrict         |    11 |     1 ||    12
 Cast: Magic Dart        |    74 |    10 ||    84
       Call Imp          |     3 |       ||     3
  Eat: Chunk             |     3 |       ||     3
Armor: Skin              |     7 |     2 ||     9
Dodge: Dodged            |    48 |     3 ||    51

Table legend:
 A = Spawn XP
 B = Non-spawn XP
 C = Spawn XP percentage of total XP
 D = Spawn monster count
 E = Non-spawn monster count
 F = Spawn count percentage of total count
 G = Total turns spent on level
                    A         B        C        D         E        F      G
               +---------+---------+-------+---------+---------+-------+---------
         Total |       0 |      92 |   0.0 |       0 |      38 |   0.0 |  1868
               +---------+---------+-------+---------+---------+-------+---------
           D:1 |       0 |      31 |   0.0 |       0 |      19 |   0.0 |  1167
           D:2 |       0 |      61 |   0.0 |       0 |      19 |   0.0 |   675
               +---------+---------+-------+---------+---------+-------+---------
